[Event "Titled Tuesday Blitz February 15 Late 2022"]
[White "Van Foreest, Jorden"]
[Black "Moskalenko, Alexander"]
[WhiteFideId "1039784"]
[BlackFideId "4155351"]
[WhiteElo "2609"]
[BlackElo "2515"]
[Result "1-0"]
[Round "06"]
[TimeControl "180+1"]
[Date "2022.02.15"]
[WhiteClock "0:00:05"]
[BlackClock "0:00:01"]

1. g3 d5 2. Nf3 c6 3. Bg2 Bg4 4. h3 Bh5 5. O-O Nd7 6. d4 e6 7. c4 Ngf6 8. Qb3 Qb6 9. Nc3 Ke7 10. g4 Bg6 11. Ne5 Qxb3 12. axb3 Nxe5 13. dxe5 Nd7 14. f4 Bc2 15. cxd5 cxd5 16. Nb5 Bxb3 17. Nxa7 Ke8 18. Be3 Bc4 19. Rfc1 Bc5 20. Bxc5 Nxc5 21. Nb5 Ke7 22. Nd4 Kd7 23. Kf2 Nb3 24. Nxb3 Bxb3 25. e3 Rhc8 26. Bf1 Rxa1 27. Bb5+ Kd8 28. Rxa1 Rc2+ 29. Kf3 Bc4 30. Ra8+ Kc7 31. Be8 f6 32. exf6 gxf6 33. Bf7 e5 34. fxe5 fxe5 35. Rh8 e4+ 36. Kg3 Rxb2 37. Rxh7 Kd6 38. g5 Re2 39. g6 Rxe3+ 40. Kh4 Bf1 41. Kg4 Be2+ 42. Kh4 Bf1 43. g7 Rxh3+ 44. Kg4 Rxh7 45. g8=Q Rh1 46. Qd8+ Ke5 47. Qxd5+ Kf6 48. Qe6+ Kg7 49. Qe7 Be2+ 50. Kg3 Rg1+ 51. Kh2 Rf1 52. Bc4+ Kh6 53. Qe6+ Kg5 54. Qe5+ Rf5 55. Qg7+ Kh5 56. Bf7+ 1-0


[Site "https://www.chess.com"]

[Event "Titled Tuesday Blitz February 15 Late 2022"]
[White "Van den Dikkenberg, Erik"]
[Black "Todorovic, Bojan"]
[WhiteFideId "1005880"]
[BlackFideId "917087"]
[WhiteElo "2118"]
[BlackElo "2266"]
[Result "1-0"]
[Round "06"]
[TimeControl "180+1"]
[Date "2022.02.16"]
[WhiteClock "0:00:05"]
[BlackClock "0:00:02"]

1. e4 e5 2. Nf3 Nc6 3. d4 exd4 4. Nxd4 Nf6 5. Nxc6 bxc6 6. e5 Qe7 7. Qe2 Nd5 8. h4 f6 9. c4 Ba6 10. h5 fxe5 11. Nd2 Nf4 12. Qe4 d5 13. cxd5 Bxf1 14. Kxf1 cxd5 15. Qa4+ Qd7 16. Qa6 Bd6 17. h6 O-O 18. hxg7 Qxg7 19. g3 Ne6 20. Qd3 c6 21. Nb3 Qg6 22. Qxg6+ hxg6 23. Bh6 Rf7 24. Rc1 c5 25. Kg2 c4 26. Na5 Bc5 27. f3 Nd4 28. f4 Rb8 29. b3 Ba3 30. Rce1 exf4 31. Bxf4 Rxf4 32. gxf4 Bb4 33. Rd1 Nf5 34. Nc6 Ne3+ 35. Kf3 Nxd1 36. Nxb8 Nb2 37. bxc4 dxc4 38. Nc6 a5 39. Rh6 Kg7 40. Rh2 c3 41. Nd4 Nc4 42. Nc2 Bc5 43. Ke4 a4 44. Kd3 Nd6 45. Kxc3 Nf5 46. Kc4 Bd6 47. Rf2 Kf7 48. Kd5 Bc7 49. Rh2 Kf6 50. Rf2 Ng3 51. Rf3 Nh5 52. Nd4 Nxf4+ 53. Ke4 g5 54. Ne2 Ke6 55. Nxf4+ Bxf4 56. Ra3 Bd6 57. Rxa4 g4 58. Ra5 g3 59. Rg5 Kd7 60. Rg6 Kc6 61. a4 Kc7 62. Kd5 Bf4 63. Rg4 Bd6 64. Rg6 Bf4 65. Kc4 Bd6 66. Kb5 Bf4 67. a5 Kb7 68. Rg7+ Kc8 69. a6 Be3 70. Kc6 Bf2 71. Rg8# 1-0


[Site "https://www.chess.com"]

[Event "Titled Tuesday Blitz February 15 Late 2022"]
[White "Vargas Pereda, Jesus Manue"]
[Black "Hoffmann, Asa"]
[WhiteFideId "5115710"]
[BlackFideId "2001470"]
[WhiteElo "1766"]
[BlackElo "2117"]
[Result "0-1"]
[Round "06"]
[TimeControl "180+1"]
[Date "2022.02.16"]
[WhiteClock "0:00:11"]
[BlackClock "0:01:52"]

1. d4 Nf6 2. Bf4 d6 3. Nc3 c6 4. e4 Qa5 5. Qd2 e5 6. dxe5 dxe5 7. Be3 Bb4 8. Bd3 Be6 9. Nge2 Nbd7 10. O-O Rd8 11. a3 Bxc3 12. Nxc3 Qc7 13. Rad1 b6 14. Bg5 h6 15. Be3 Ng4 16. f4 Nxe3 17. Qxe3 f6 18. f5 Bf7 19. Qg3 O-O 20. Qh4 Nc5 21. Be2 Rd4 22. Bf3 Rfd8 23. Rxd4 exd4 24. Ne2 Bc4 25. Rd1 Bxe2 26. Bxe2 Qe5 27. Bd3 Na4 28. Bc4+ Kh8 29. Qg4 Nxb2 30. Bf7 Nxd1 31. Qxd1 Qxe4 0-1


[Site "https://www.chess.com"]

[Event "Titled Tuesday Blitz February 15 Late 2022"]
[White "Villegas, Pierre"]
[Black "Ladan, Nicholas"]
[WhiteFideId "654183"]
[BlackFideId "30918855"]
[WhiteElo "2410"]
[BlackElo "2342"]
[Result "1/2-1/2"]
[Round "06"]
[TimeControl "180+1"]
[Date "2022.02.16"]
[WhiteClock "0:00:06"]
[BlackClock "0:00:12"]

1. d4 d5 2. c4 c6 3. Nf3 Nf6 4. Qc2 g6 5. Bf4 Bg7 6. e3 Bf5 7. Qb3 Qb6 8. Nc3 O-O 9. c5 Qxb3 10. axb3 Nbd7 11. h3 h6 12. Nd2 g5 13. Bh2 a6 14. b4 Rae8 15. Nb3 e5 16. Kd2 exd4 17. exd4 Re6 18. f3 Rfe8 19. g4 Bg6 20. Be2 Nh7 21. Rae1 Bf6 22. Bg3 Bd8 23. Bd1 f5 24. Rxe6 Rxe6 25. Bd6 f4 26. Re1 Kf7 27. h4 Nhf6 28. h5 Bh7 29. Rxe6 Kxe6 30. Bc2 Bxc2 31. Kxc2 Ne8 32. Kd3 Nxd6 33. cxd6 Kxd6 34. Nc5 Nxc5+ 35. bxc5+ Kd7 36. Na4 Ba5 37. Kc2 Kc7 38. Kd3 b5 39. cxb6+ Bxb6 40. b3 Ba7 41. Kc3 Kd6 42. Nb2 c5 43. dxc5+ Bxc5 44. Nd3 Be3 45. Kb4 Bd2+ 46. Ka4 d4 47. Ka3 Kd5 48. Ka4 Bc3 49. Ka3 Kc6 50. Ka4 Kb6 51. Ka3 Kb5 52. Ka2 a5 53. Ka3 Bb4+ 54. Ka2 a4 55. bxa4+ Kxa4 56. Kb2 Bc3+ 57. Kc2 Kb5 58. Ne5 Kb4 59. Kd3 Kc5 60. Nf7 Ba5 61. Nxh6 Bd8 62. Nf7 Bf6 63. h6 Kd5 64. h7 Ke6 65. Nxg5+ Ke7 66. Ne4 Be5 67. g5 Kf8 68. Nc5 Kg7 69. Nd7 Kxh7 70. Nxe5 Kg7 71. Kxd4 Kg8 72. Ke4 Kg7 73. Kxf4 Kg8 74. Kg4 Kg7 75. f4 Kg8 76. f5 Kg7 77. f6+ Kg8 78. Kf5 Kh8 79. g6 Kg8 80. Nf3 Kh8 81. Nh2 Kg8 82. Ng4 Kh8 83. Nh6 1/2-1/2


[Site "https://www.chess.com"]

[Event "Titled Tuesday Blitz February 15 Late 2022"]
[White "Vusatiuk, Vladimir"]
[Black "Corrales Jimenez, Fidel"]
[WhiteFideId "14118610"]
[BlackFideId "3506690"]
[WhiteElo "2157"]
[BlackElo "2541"]
[Result "0-1"]
[Round "06"]
[TimeControl "180+1"]
[Date "2022.02.15"]
[WhiteClock "0:00:08"]
[BlackClock "0:00:59"]

1. Nf3 Nf6 2. d4 g6 3. c4 Bg7 4. Nc3 d5 5. cxd5 Nxd5 6. e4 Nxc3 7. bxc3 c5 8. h3 Nc6 9. Be3 cxd4 10. cxd4 O-O 11. Rb1 Qa5+ 12. Bd2 Qxa2 13. d5 Ne5 14. Nxe5 Bxe5 15. Bd3 e6 16. O-O exd5 17. Rb5 Be6 18. Ra5 Qb2 19. Rb5 Qa3 20. Bb4 Qa2 21. Bxf8 Kxf8 22. Rxb7 Rd8 23. Qb1 Qxb1 24. Rfxb1 a5 25. Ra7 Bc3 26. exd5 Bxd5 27. Be2 Ba2 28. Rd1 Re8 29. Rdd7 Rxe2 30. Rdc7 Re1+ 31. Kh2 Be5+ 0-1


[Site "https://www.chess.com"]

[Event "Titled Tuesday Blitz February 15 Late 2022"]
[White "Wartiovaara, Oliver"]
[Black "Proudian, Armen"]
[WhiteFideId "513024"]
[BlackFideId "2130734"]
[WhiteElo "1971"]
[BlackElo "2380"]
[Result "1-0"]
[Round "06"]
[TimeControl "180+1"]
[Date "2022.02.16"]
[WhiteClock "0:00:19"]
[BlackClock "0:00:50"]

1. e4 e5 2. Nf3 Nc6 3. Bc4 Bc5 4. c3 Nf6 5. d3 d6 6. O-O a6 7. a4 Ba7 8. Re1 h6 9. Nbd2 g5 10. Kh1 g4 11. Nh4 Bxf2 12. g3 Bxe1 13. Qxe1 Be6 14. Qf1 Qe7 15. Nf5 Bxf5 16. Qxf5 Rg8 17. Nf1 Rg6 18. Ne3 Qd7 19. Qf2 Ne7 20. Bd2 h5 21. Rf1 b5 22. axb5 axb5 23. Bb3 c6 24. Ng2 Neg8 25. Nh4 Rg7 26. Nf5 Rg6 27. Qb6 Kf8 28. Kg2 Re8 29. Ra1 Ne7 30. Ra7 Qc8 31. Nxd6 Qb8 32. Qc5 Nfd5 33. Nxe8 Nb6 34. Qxe7+ Kg8 35. Qxf7+ Kh8 36. Qh7# 1-0


[Site "https://www.chess.com"]

[Event "Titled Tuesday Blitz February 15 Late 2022"]
[White "Wieczorek, Oskar"]
[Black "Kujawski, Adam"]
[WhiteFideId "1133950"]
[BlackFideId "1100920"]
[WhiteElo "2319"]
[BlackElo "2053"]
[Result "1-0"]
[Round "06"]
[TimeControl "180+1"]
[Date "2022.02.16"]
[WhiteClock "0:00:57"]
[BlackClock "0:00:01"]

1. e4 e5 2. Nc3 Nf6 3. g3 h5 4. Nf3 Nc6 5. d3 d5 6. exd5 Nxd5 7. Bg2 Bg4 8. h3 Nxc3 9. bxc3 Bf5 10. Rb1 Qd7 11. Rxb7 O-O-O 12. Rb5 Bd6 13. Be3 e4 14. Nh4 exd3 15. Qb1 1-0


[Site "https://www.chess.com"]

[Event "Titled Tuesday Blitz February 15 Late 2022"]
[White "Yang, Kaiqi"]
[Black "Okike, David"]
[WhiteFideId "8604398"]
[BlackFideId "8500134"]
[WhiteElo "2373"]
[BlackElo "2232"]
[Result "1-0"]
[Round "06"]
[TimeControl "180+1"]
[Date "2022.02.16"]
[WhiteClock "0:00:45"]
[BlackClock "0:00:35"]

1. e4 c5 2. Nf3 Nc6 3. Bb5 g6 4. O-O Bg7 5. c3 Nh6 6. d4 cxd4 7. cxd4 O-O 8. d5 a6 9. Bd3 Nb4 10. Be2 a5 11. a3 Na6 12. Nc3 Nc5 13. Be3 d6 14. h3 f5 15. e5 a4 16. Bc4 Nf7 17. Bxc5 dxc5 18. Re1 Kh8 19. Nxa4 Qa5 20. Nc3 Rb8 21. Qd3 Nd8 22. e6 b6 23. d6 Nc6 24. Bd5 Bb7 25. d7 Rfd8 26. Ng5 Ba6 27. Qg3 Nd4 28. Qh4 h6 29. Nf7+ Kh7 30. Nxd8 Rxd8 31. Qxe7 b5 32. Qxc5 Nc2 33. e7 Nxe1 34. Rxe1 Bf6 35. e8=Q b4 1-0


[Site "https://www.chess.com"]

[Event "Titled Tuesday Blitz February 15 Late 2022"]
[White "Yurovskykh, Oleksandr"]
[Black "Petrosyan, Manuel"]
[WhiteFideId "14134020"]
[BlackFideId "13300857"]
[WhiteElo "2292"]
[BlackElo "2592"]
[Result "0-1"]
[Round "06"]
[TimeControl "180+1"]
[Date "2022.02.15"]
[WhiteClock "0:00:04"]
[BlackClock "0:00:20"]

1. d4 d5 2. Bf4 Bf5 3. c4 dxc4 4. Nc3 Nf6 5. f3 c5 6. d5 e6 7. e4 exd5 8. exf5 Nc6 9. Qe2+ Be7 10. O-O-O O-O 11. g4 Nd4 12. Qd2 b5 13. Nce2 Nxe2+ 14. Nxe2 d4 15. Ng3 Nd5 16. Ne4 Qc8 17. Kb1 Rd8 18. h4 c3 19. bxc3 dxc3 20. Nxc3 Nxc3+ 21. Qxc3 Rxd1+ 22. Kc2 Bf6 23. Qb3 Rd4 24. Be3 Rb4 25. Qd5 Qd8 26. Qxd8+ Rxd8 27. g5 Rb2+ 28. Kc1 Bc3 29. Bxc5 Rxa2 30. Bxb5 Ra1+ 31. Kc2 Rxh1 32. Kxc3 Rc8 33. Kd4 Rd1+ 0-1


[Site "https://www.chess.com"]

[Event "Titled Tuesday Blitz February 15 Late 2022"]
[White "Zhurbinsky, David"]
[Black "Iljin, Timofey"]
[WhiteFideId "2072904"]
[BlackFideId "14110180"]
[WhiteElo "2537"]
[BlackElo "2396"]
[Result "0-1"]
[Round "06"]
[TimeControl "180+1"]
[Date "2022.02.16"]
[WhiteClock "0:00:05"]
[BlackClock "0:00:05"]

1. e4 c5 2. Nf3 Nc6 3. c4 e5 4. Nc3 Be7 5. Be2 d6 6. a3 f5 7. Rb1 Nf6 8. d3 O-O 9. b4 b6 10. O-O fxe4 11. dxe4 Nd4 12. h3 Kh8 13. Be3 Be6 14. Qd3 Rc8 15. Rbc1 Nxf3+ 16. Bxf3 cxb4 17. Nb5 a6 18. Na7 Rc7 19. Bxb6 Qd7 20. Bxc7 Qxc7 21. axb4 Qxa7 22. Ra1 Qb7 23. b5 axb5 24. cxb5 Nd7 25. Rfb1 Nc5 26. Qe3 Qb6 27. Ra6 Qb7 28. Ra5 Bd8 29. b6 Bxb6 30. Rab5 Nd7 31. Rxb6 Nxb6 32. Rxb6 Qc7 33. Kh2 Rd8 34. Ra6 Qe7 35. Ra7 Qf6 36. Qb6 Bg8 37. Qe3 h6 38. g3 Rf8 39. Ra3 Be6 40. Kg2 Bf7 41. Bg4 Bg6 42. Qb6 Bxe4+ 43. Kg1 d5 44. Qe3 Bg6 45. Qe2 d4 46. Rf3 Qe7 47. Rxf8+ Qxf8 48. Qxe5 Qd8 49. Qe6 Kh7 50. Qe2 d3 51. Qd2 Qd4 52. Bf3 h5 53. g4 h4 54. Kh2 Be4 55. Bxe4+ Qxe4 56. Qg5 Qe2 57. Qxh4+ Kg8 58. Qd8+ Kh7 59. Qh4+ Kg8 60. Qg3 d2 61. Qb8+ Kh7 62. Qb1+ g6 63. Qb7+ Kh6 64. g5+ Kxg5 65. Qg2+ Kf4 66. Qg3+ Kf5 67. Qd6 d1=Q 68. Qf8+ Ke4 69. Qe7+ Kd3 70. Qd6+ Kc2 71. Qc5+ Kd2 72. Qd4+ Ke1 73. Qc3+ Qed2 74. Qe5+ Kf1 75. Qg3 Qxf2+ 76. Qxf2+ Kxf2 77. h4 Qg1+ 78. Kh3 Qg3# 0-1


[Site "https://www.chess.com"]

[Event "Titled Tuesday Blitz February 15 Late 2022"]
[White "Al Mukhaini, Shima"]
[Black "Yurovskykh, Oleksandr"]
[WhiteFideId "22005854"]
[BlackFideId "14134020"]
[WhiteElo "2390"]
[BlackElo "2292"]
[Result "1-0"]
[Round "07"]
[TimeControl "180+1"]
[Date "2022.02.16"]
[WhiteClock "0:00:15"]
[BlackClock "0:00:10"]

1. b3 d5 2. Bb2 Bg4 3. h3 Bh5 4. g4 Bg6 5. Bg2 c6 6. d3 Nd7 7. f4 e6 8. e4 f6 9. f5 Bf7 10. Nd2 e5 11. c4 d4 12. a3 a5 13. Ngf3 Ne7 14. h4 Nc8 15. Bc1 Qb6 16. Rb1 Nc5 17. Qc2 Qc7 18. Nf1 Na6 19. Ng3 Nb6 20. g5 Bc5 21. h5 h6 22. gxf6 gxf6 23. Nh4 Qd6 24. Qa2 Nd7 25. Ng6 Rh7 26. Ra1 b5 27. Bd2 a4 28. b4 bxc4 29. bxc5 Qxc5 30. dxc4 Bxc4 31. Qc2 Bb3 32. Qxc5 Naxc5 33. Bf1 Bc2 34. Rh4 Nd3+ 35. Bxd3 Bxd3 36. Nh1 c5 37. Nf2 Bc2 38. Rc1 Bb3 39. Ng4 c4 40. Bb4 Rb8 41. Kd2 Rxb4 42. axb4 a3 43. Rh3 Nb6 44. Nxf6+ Kf7 45. Nxh7 a2 46. Nxe5+ Ke7 47. Nc6+ Kd6 48. Nxd4 Ke5 49. Nxb3 cxb3 50. Rxb3 1-0


[Site "https://www.chess.com"]

[Event "Titled Tuesday Blitz February 15 Late 2022"]
[White "Al-Tarboush, Ward"]
[Black "Sarkar, Justin"]
[WhiteFideId "7601450"]
[BlackFideId "2010011"]
[WhiteElo "2276"]
[BlackElo "2038"]
[Result "1-0"]
[Round "07"]
[TimeControl "180+1"]
[Date "2022.02.16"]
[WhiteClock "0:02:18"]
[BlackClock "0:00:01"]

1. e4 e5 2. Nf3 Nc6 3. Bb5 a6 4. Ba4 Nf6 5. O-O Be7 6. Qe2 b5 7. Bb3 O-O 8. c3 d5 9. d3 Be6 10. Nbd2 Qd6 11. Rd1 Rad8 12. Nf1 d4 13. Ng3 g6 14. Bh6 Rfe8 15. Rac1 Ng4 16. Bg5 Bxb3 17. axb3 f6 18. h3 Nxf2 19. Qxf2 fxg5 20. Nh2 dxc3 21. bxc3 Qc5 22. d4 exd4 23. cxd4 Qb6 24. Ng4 Nxd4 25. Kh1 1-0


[Site "https://www.chess.com"]

[Event "Titled Tuesday Blitz February 15 Late 2022"]
[White "Antolak, Julia"]
[Black "Jakubowski, Krzysztof"]
[WhiteFideId "1159569"]
[BlackFideId "1112848"]
[WhiteElo "2104"]
[BlackElo "2365"]
[Result "1/2-1/2"]
[Round "07"]
[TimeControl "180+1"]
[Date "2022.02.16"]
[WhiteClock "0:00:05"]
[BlackClock "0:00:05"]

1. e4 c6 2. Nc3 d5 3. Qf3 e6 4. d4 Nf6 5. e5 Nfd7 6. Qg3 c5 7. dxc5 Nc6 8. Nf3 Nxc5 9. Bb5 Bd7 10. O-O Nb4 11. Bg5 Qb6 12. Bxd7+ Nxd7 13. Be3 Qa6 14. Rfc1 g6 15. Nd4 Rc8 16. Ncb5 Nc6 17. f4 Nxd4 18. Nxd4 Bc5 19. c3 Qd3 20. Rd1 Qe4 21. Re1 Qd3 22. Rad1 Qa6 23. a3 Bb6 24. Kh1 Qc4 25. h3 Nc5 26. Qh4 Ne4 27. Nc2 O-O 28. Bxb6 axb6 29. Ne3 Qc5 30. Ng4 h5 31. Nf6+ Nxf6 32. exf6 Rfd8 33. Re5 Qf8 34. Rg5 Qh6 35. Rf1 Rc4 36. Qg3 d4 37. cxd4 Rdxd4 38. f5 exf5 39. Rgxf5 Kh7 40. Re5 Rc1 41. Rxc1 Qxc1+ 42. Kh2 Rd1 43. Qb3 Rh1+ 44. Kg3 h4+ 45. Kxh4 Qf4+ 46. g4 Qxf6+ 47. Rg5 Qf2+ 48. Qg3 Qxg3+ 49. Kxg3 Rg1+ 50. Kf2 Rh1 51. Rb5 Rxh3 52. Rxb6 Rh4 53. Kg3 Rh1 54. Rxb7 Kg7 55. b4 Rb1 56. b5 Rb3+ 57. Kf4 Rxa3 58. g5 Ra4+ 59. Ke5 Rg4 60. b6 Rxg5+ 61. Kd6 Rb5 62. Kc6 Rb1 63. Rd7 g5 64. Rd5 Kg6 65. Rb5 Rc1+ 66. Kd7 Rd1+ 67. Ke7 Re1+ 68. Kd7 Rd1+ 69. Ke7 Re1+ 70. Kd6 Rd1+ 71. Ke5 Re1+ 72. Kd6 Rd1+ 73. Kc7 Rc1+ 74. Kd7 Rd1+ 1/2-1/2


[Site "https://www.chess.com"]

[Event "Titled Tuesday Blitz February 15 Late 2022"]
[White "Antonio, Jorge Carlos"]
[Black "Burke, Paul"]
[WhiteFideId "113190"]
[BlackFideId "2605767"]
[WhiteElo "2247"]
[BlackElo "1824"]
[Result "1-0"]
[Round "07"]
[TimeControl "180+1"]
[Date "2022.02.16"]
[WhiteClock "0:01:12"]
[BlackClock "0:00:12"]

1. e4 e5 2. f4 Bc5 3. Nf3 d6 4. c3 Nc6 5. Bb5 Bg4 6. h3 Bxf3 7. Qxf3 Nf6 8. fxe5 dxe5 9. d3 O-O 10. Bg5 h6 11. Bxf6 Qxf6 12. Qxf6 gxf6 13. Bxc6 bxc6 14. Nd2 Rfd8 15. Ke2 Rd7 16. Nc4 Be7 17. g4 Rad8 18. Rad1 Bc5 19. Rhf1 Kg7 20. Rf5 Bb6 21. a4 a5 22. Rf3 Rh8 23. Rdf1 Rhd8 24. b3 Kg8 25. Rd1 Kg7 26. Nb2 Re8 27. Rdf1 Re6 28. Nc4 Kg6 29. Rb1 Kg7 30. b4 axb4 31. cxb4 Bd4 32. a5 c5 33. b5 Re8 34. b6 cxb6 35. axb6 Rb8 36. Rbf1 1-0


[Site "https://www.chess.com"]

[Event "Titled Tuesday Blitz February 15 Late 2022"]
[White "Antova, Gabriela"]
[Black "Brunner, Nicolas"]
[WhiteFideId "2915235"]
[BlackFideId "620246"]
[WhiteElo "2184"]
[BlackElo "2372"]
[Result "0-1"]
[Round "07"]
[TimeControl "180+1"]
[Date "2022.02.16"]
[WhiteClock "0:00:06"]
[BlackClock "0:00:09"]

1. d4 d5 2. Nf3 Nf6 3. e3 c6 4. Bd3 Bg4 5. O-O Nbd7 6. c4 e6 7. Nbd2 Be7 8. b3 O-O 9. Bb2 a5 10. a3 Bd6 11. e4 dxe4 12. Nxe4 Nxe4 13. Bxe4 Qe7 14. Re1 Rfd8 15. Qe2 Bh5 16. h3 Bg6 17. Bxg6 hxg6 18. a4 Bb4 19. Red1 Re8 20. Rac1 Rad8 21. Bc3 Bxc3 22. Rxc3 Qb4 23. Re3 Rf8 24. d5 exd5 25. cxd5 cxd5 26. Rxd5 Nb6 27. Rxd8 Rxd8 28. Re8+ Rxe8 29. Qxe8+ Qf8 30. Qe4 Qc8 31. Ng5 Qc1+ 32. Kh2 Qxg5 33. Qxb7 Qe5+ 34. g3 Nd5 35. Qa8+ Kh7 36. Qxa5 Qd4 37. Qe1 Nc3 38. a5 Qc5 39. a6 Nb5 40. b4 Qb6 41. Qa1 Na7 42. Qa4 Qxf2+ 43. Kh1 Qf1+ 44. Kh2 Qf2+ 45. Kh1 Qxg3 46. Qd7 Qe1+ 47. Kh2 Qe2+ 48. Kh1 Qxa6 49. Qxf7 Qc6+ 50. Kh2 Nb5 51. Kg3 Qd6+ 52. Kg2 Qxb4 0-1


[Site "https://www.chess.com"]

[Event "Titled Tuesday Blitz February 15 Late 2022"]
[White "Araujo Filho, Luiz Antonio Coel"]
[Black "Gerbelli Neto, Eduardo"]
[WhiteFideId "2130661"]
[BlackFideId "2103281"]
[WhiteElo "2199"]
[BlackElo "2178"]
[Result "1-0"]
[Round "07"]
[TimeControl "180+1"]
[Date "2022.02.16"]
[WhiteClock "0:00:31"]
[BlackClock "0:00:12"]

1. d4 d5 2. Nf3 Nf6 3. e3 Bf5 4. Bd3 Bg6 5. O-O e6 6. b3 Nbd7 7. Bb2 Be7 8. c4 c6 9. Nc3 O-O 10. Ne2 Re8 11. Nf4 Be4 12. Ne5 Nxe5 13. dxe5 Nd7 14. Bxe4 dxe4 15. Qc2 Nc5 16. Rfd1 Qa5 17. Bc3 Qa3 18. Rab1 Red8 19. Bd4 g5 20. Nh5 Nd3 21. f3 c5 22. Bc3 Qa6 23. fxe4 Nb4 24. Bxb4 cxb4 25. Nf6+ Bxf6 26. exf6 Qb6 27. Qf2 Rxd1+ 28. Rxd1 Rd8 29. Rd4 e5 30. Rd5 Rd6 31. Qg3 h6 32. h4 Rxf6 33. hxg5 Rg6 34. Qxe5 Qxe3+ 35. Kh2 hxg5 36. Rd8+ Kh7 37. Rh8# 1-0


[Site "https://www.chess.com"]

[Event "Titled Tuesday Blitz February 15 Late 2022"]
[White "Bellissimo, Joseph F."]
[Black "Kobo, Ori"]
[WhiteFideId "2609843"]
[BlackFideId "2812320"]
[WhiteElo "2061"]
[BlackElo "2420"]
[Result "1/2-1/2"]
[Round "07"]
[TimeControl "180+1"]
[Date "2022.02.16"]
[WhiteClock "0:00:38"]
[BlackClock "0:00:09"]

1. e4 c5 2. Nf3 e6 3. c3 Nf6 4. e5 Nd5 5. d4 cxd4 6. cxd4 d6 7. Bc4 Nb6 8. Bd3 Nc6 9. O-O dxe5 10. dxe5 Nb4 11. Bb5+ Bd7 12. Be2 Bc6 13. Bd2 Be7 14. Nc3 O-O 15. a3 Nd3 16. Qc2 Bxf3 17. Bxd3 Bc6 18. Bxh7+ Kh8 19. Rad1 Qd4 20. Be4 Qxe5 21. Rfe1 Bxe4 22. Rxe4 Qf5 23. Ne2 Nd5 24. Ng3 Qg6 25. Qb3 b6 26. Bc3 Nxc3 27. Qxc3 Rad8 28. Rde1 Rd7 29. h3 Bf6 30. Qc6 Rfd8 31. Rg4 Qd3 32. Nh5 Qd5 33. Qxd5 Rxd5 34. Nxf6 gxf6 35. Kh2 f5 36. Rg3 Rg8 37. Rc1 Rd2 38. Rc7 Rxg3 39. Kxg3 Rxb2 40. Rxa7 Kg7 41. Rb7 Rb3+ 42. f3 Rxa3 43. Rxb6 Ra4 44. h4 Rc4 45. Rb7 Ra4 46. Kh3 Rc4 47. g4 fxg4+ 48. fxg4 Rc3+ 49. Kg2 Rc2+ 50. Kg3 Rc3+ 51. Kf4 Rc4+ 52. Kf3 Rc3+ 53. Kf2 Rc2+ 54. Ke3 Rc3+ 55. Ke4 Rc4+ 56. Kf3 Rc3+ 57. Kg2 Rc2+ 58. Kg3 Rc3+ 59. Kf4 Rc4+ 60. Kg5 Rc5+ 61. Kf4 Rc4+ 1/2-1/2


[Site "https://www.chess.com"]

[Event "Titled Tuesday Blitz February 15 Late 2022"]
[White "Bolanos, Fernando"]
[Black "Lopez Idarraga, Daniel Eduardo"]
[WhiteFideId "3304094"]
[BlackFideId "4405501"]
[WhiteElo "2019"]
[BlackElo "1993"]
[Result "0-1"]
[Round "07"]
[TimeControl "180+1"]
[Date "2022.02.16"]
[WhiteClock "0:00:41"]
[BlackClock "0:01:11"]

1. e4 c5 2. Nf3 Nc6 3. d3 e6 4. g3 d5 5. Bg2 Nf6 6. Bd2 Be7 7. exd5 Nxd5 8. O-O O-O 9. Nc3 Bf6 10. Re1 Nxc3 11. Bxc3 Bxc3 12. bxc3 Qc7 13. Qe2 b6 14. c4 Bb7 15. a4 Rad8 16. Ne5 Nd4 17. Qd1 Bxg2 18. Kxg2 Qb7+ 19. Nf3 g5 20. h3 h5 21. Re4 f5 22. Nxd4 Rxd4 23. Qxh5 fxe4 0-1


[Site "https://www.chess.com"]

[Event "Titled Tuesday Blitz February 15 Late 2022"]
[White "Bon, Michael"]
[Black "Freitag, Manfred"]
[WhiteFideId "620696"]
[BlackFideId "1602004"]
[WhiteElo "2458"]
[BlackElo "2275"]
[Result "1-0"]
[Round "07"]
[TimeControl "180+1"]
[Date "2022.02.16"]
[WhiteClock "0:00:04"]
[BlackClock "0:00:06"]

1. e4 c6 2. d4 d5 3. e5 Bf5 4. c4 e6 5. Nc3 Bb4 6. Qb3 a5 7. a3 dxc4 8. Bxc4 Bxc3+ 9. Qxc3 Ne7 10. Ne2 O-O 11. O-O h6 12. Rd1 Nd7 13. Qg3 Bh7 14. Bf4 Nb6 15. Ba2 Nbd5 16. Bd2 Qb6 17. Bc3 Rfd8 18. Nf4 Nxf4 19. Qxf4 Nd5 20. Qg3 a4 21. Rac1 Nxc3 22. Qxc3 Ra5 23. Bc4 Bf5 24. Be2 Rd7 25. Rd2 Ra8 26. h3 Rad8 27. Rcd1 Qa7 28. Bf3 Qa6 29. Kh2 Qb5 30. Be2 Qb6 31. Bf3 g5 32. g3 Qb3 33. Kg2 Qb6 34. Qe3 Kg7 35. Kh2 Bg6 36. h4 gxh4 37. gxh4 Kh7 38. h5 Bf5 39. Be4 f6 40. Bxf5+ exf5 41. Qf4 fxe5 42. Qxf5+ Kh8 43. Qxe5+ Rg7 44. Rg1 Rg8 45. f4 Qd8 46. Rxg7 Rxg7 47. Rg2 Qh4+ 48. Kg1 Qe7 49. Qxg7+ Qxg7 50. Rxg7 Kxg7 51. Kf2 Kf6 52. Ke3 Kf5 53. Kf3 b5 54. Ke3 Kg4 55. Ke4 Kxh5 56. f5 Kg5 57. Ke5 h5 58. f6 h4 59. f7 h3 60. f8=Q Kg4 61. Qg7+ Kf3 62. Qf6+ Kg2 63. Qg5+ Kh1 64. Qc1+ Kg2 65. Qd2+ Kg1 66. Kf4 h2 67. Kg3 h1=Q 68. Qe1# 1-0


[Site "https://www.chess.com"]

[Event "Titled Tuesday Blitz February 15 Late 2022"]
[White "Carreto Nieto, Giovanni"]
[Black "Iskusnyh, Sergei"]
[WhiteFideId "5105030"]
[BlackFideId "4120027"]
[WhiteElo "2221"]
[BlackElo "2492"]
[Result "0-1"]
[Round "07"]
[TimeControl "180+1"]
[Date "2022.02.16"]
[WhiteClock "0:00:02"]
[BlackClock "0:00:26"]

1. e4 e6 2. d4 d5 3. Nc3 Nf6 4. e5 Nfd7 5. f4 c5 6. Nf3 Be7 7. Be3 O-O 8. Qd2 a6 9. Bd3 Nc6 10. dxc5 Nxc5 11. Qf2 b6 12. O-O Bb7 13. Ne2 Qc7 14. Ned4 Nb4 15. Rfd1 Ne4 16. Qe2 Rac8 17. a3 Nxd3 18. cxd3 Nc5 19. Rac1 Qd7 20. Rc2 a5 21. Rdc1 Ba6 22. Ne1 f6 23. b4 fxe5 24. fxe5 axb4 25. axb4 Na4 26. Rxc8 Rxc8 27. Rxc8+ Qxc8 28. b5 Bb7 29. Qg4 Nc5 30. Bg5 Bf8 31. Bf6 Qe8 32. Nef3 Bc8 33. Nc6 Bd7 34. d4 Ne4 35. Ne7+ Kh8 36. Ng5 Nxf6 37. exf6 gxf6 38. Nxh7 Bxe7 39. Qh4 Kg7 0-1


[Site "https://www.chess.com"]

[Event "Titled Tuesday Blitz February 15 Late 2022"]
[White "Chabris, Christopher"]
[Black "Romero Ruscalleda, Josep"]
[WhiteFideId "2005263"]
[BlackFideId "2231859"]
[WhiteElo "2315"]
[BlackElo "2407"]
[Result "0-1"]
[Round "07"]
[TimeControl "180+1"]
[Date "2022.02.16"]
[WhiteClock "0:02:11"]
[BlackClock "0:02:53"]

1. e4 g6 2. d4 Bg7 3. Nc3 d6 4. Be3 a6 5. h4 h5 6. Nh3 b5 7. a3 Nd7 8. Bd3 Bb7 9. Qd2 Rc8 10. O-O-O c5 11. dxc5 Nxc5 12. Nd5 Nb3+ 0-1


[Site "https://www.chess.com"]

[Event "Titled Tuesday Blitz February 15 Late 2022"]
[White "Chigaev, Maksim"]
[Black "Lenderman, Aleksandr"]
[WhiteFideId "4108116"]
[BlackFideId "2021285"]
[WhiteElo "2502"]
[BlackElo "2651"]
[Result "1-0"]
[Round "07"]
[TimeControl "180+1"]
[Date "2022.02.15"]
[WhiteClock "0:00:18"]
[BlackClock "0:01:09"]

1. d4 e6 2. Nf3 Nf6 3. c4 d5 4. g3 Be7 5. Bg2 O-O 6. Nc3 c6 7. O-O Nbd7 8. Qd3 b6 9. e4 Ba6 10. b3 dxc4 11. bxc4 e5 12. Ne2 Qc7 13. Bb2 exd4 14. Nfxd4 Ne5 15. Qc2 Nxc4 16. Bc3 Bd6 17. Nxc6 Na3 18. Qb2 Qxc6 19. e5 Qb5 20. exd6 Qxb2 21. Bxb2 Bxe2 22. Bxa3 Bxf1 23. Bxa8 Rxa8 24. Kxf1 Kf8 25. Rc1 Ke8 26. Re1+ Kd8 27. Re7 Rc8 28. Bb2 Ne8 29. d7 Rc1+ 30. Bxc1 Kxe7 31. dxe8=Q+ Kxe8 32. Ke2 Kd7 33. Kd3 Kc6 34. Kc4 b5+ 35. Kb4 1-0


[Site "https://www.chess.com"]